 Dungeon Crawl Stone Soup version 0.28-a0-973-ga7f8b01127 (webtiles) character file.

Game seed: 13210417948549470409

399506 vurker the Sorcerer (level 21, -3/111 HPs)
             Began as a Felid Air Elementalist on Nov 30, 2021.
             Was the Champion of Vehumet.
             Killed by drain life
             ... invoked by a deathcap
             ... summoned by a curse toe
              (12 damage)
             ... on level 1 of the Realm of Zot on Dec 1, 2021.
             The game lasted 02:21:15 (120508 turns).

vurker the Sorcerer (Felid Air Elementalist)      Turns: 120508, Time: 02:21:15

Health: -3/111     AC:  3    Str:  4    XL:     21   Next: 93%
Magic:  15/58      EV: 36    Int: 27    God:    Vehumet [******]
Gold:   4558       SH:  0    Dex: 17    Spells: 33/67 levels left
                                        Lives:  0   Deaths: 5

rFire   . . .      SeeInvis +   (weapon unavailable)
rCold   + . .      Faith    .   (shield unavailable)
rNeg    . . .      Spirit   .   (armour unavailable)
rPois   .          Reflect  .   (helmet unavailable)
rElec   .          Harm     .   (cloak unavailable)
rCorr   .          Rampage  .   (gloves unavailable)
Will    +++..                   (boots unavailable)
Stlth   ++++++++..              P - amulet of magic regeneration
HPRegen 0.28/turn               N - ring of magical power
MPRegen 0.76/turn               i - ring of the Hare {EV+8}

@: about to teleport, marked, unable to drink, slowed, slow
A: very small, claws 1, fangs 3, see invisible, speed 1, shaggy fur 3, stealthy
paws, no weapons or thrown items, no armour, multi-lived
}: 3/15 runes: barnacled, slimy, gossamer
a: Renounce Religion


You were on level 1 of the Realm of Zot.
You worshipped Vehumet.
Vehumet was exalted by your worship.
You visited 11 branches of the dungeon, and saw 50 of its levels.

You collected 6802 gold pieces.
You spent 2244 gold pieces at shops.

Inventory:

Jewellery
 c - a ring of positive energy
   (You found it on level 14 of the Dungeon)
 e - the ring "Foedwuot" {rF+ Will- Str-4 Dex+10 Slay+6}
   (You found it on level 2 of the Depths)

   [ring of protection from fire]

   Str:       It affects your strength (-4).
   Dex:       It affects your dexterity (+10).
   Slay:      It affects your accuracy & damage with ranged weapons and melee
   (+6).
   rF:        It protects you from fire.
   Will:      It decreases your willpower.
 i - the ring of the Hare (right paw) {EV+8}
   (You bought it in a shop on level 2 of the Orcish Mines)

   [ring of evasion]

   EV:        It affects your evasion (+8).
 o - the ring of the Hidden Queens {rC+ Str+4 Dex+4 Slay+3}
   (You found it on level 10 of the Dungeon)

   [ring of protection from cold]

   Str:       It affects your strength (+4).
   Dex:       It affects your dexterity (+4).
   Slay:      It affects your accuracy & damage with ranged weapons and melee
   (+3).
   rC:        It protects you from cold.
 H - a ring of resist corrosion
   (You found it on level 3 of the Shoals)
 I - a ring of fire
   (You found it on level 3 of the Shoals)
 L - a ring of wizardry
   (You found it on level 2 of the Depths)
 M - the ring of Ticew {Fly rPois Str+6 Stlth+}
   (You took it off a tengu reaver on level 3 of the Depths)

   [ring of strength]

   Str:       It affects your strength (+6).
   rPois:     It protects you from poison.
   Fly:       It grants you flight.
   Stlth:     It makes you more stealthy.
 N - a ring of magical power (left paw)
   (You found it on level 3 of the Elven Halls)
 O - the amulet "Qaqaacih" {Regen+ Int+3 Dex+5}
   (You took it off a deep elf high priest on level 3 of the Elven Halls)

   [amulet of regeneration]

   Int:       It affects your intelligence (+3).
   Dex:       It affects your dexterity (+5).
   Regen:     It increases your rate of health regeneration.
 P - an amulet of magic regeneration (around neck)
   (You took it off a deep elf annihilator on level 3 of the Elven Halls)
Wands
 d - a wand of iceblast (78)
   (You found it on level 6 of the Lair of Beasts)
 t - a wand of flame (105)
   (You found it on level 2 of the Lair of Beasts)
 u - a wand of paralysis (23)
   (You found it on level 3 of the Lair of Beasts)
 v - a wand of digging (26)
   (You found it on level 5 of the Dungeon)
 x - a wand of acid (33)
   (You took it off Urug on level 14 of the Dungeon)
 D - a wand of charming (14)
   (You found it on level 6 of the Lair of Beasts)
 J - a wand of mindburst (20)
   (You found it on level 4 of the Shoals)
 K - a wand of polymorph (15)
   (You found it on level 4 of the Shoals)
Scrolls
 g - 10 scrolls of teleportation
 j - 6 scrolls of amnesia
 n - 21 scrolls of identify
 p - 6 scrolls of fog
 w - 3 scrolls of summoning
 C - 6 scrolls of immolation
 E - 2 scrolls of silence
 F - 3 scrolls of magic mapping
 G - a scroll of fear
Potions
 a - 4 potions of mutation
 b - 24 potions of curing
 f - 5 potions of invisibility
 h - 11 potions of heal wounds
 k - 9 potions of haste
 l - 4 potions of resistance
 m - 8 potions of ambrosia
 q - 3 potions of cancellation
 r - 5 potions of flight
 s - 2 potions of magic
 A - 3 potions of brilliance
 B - 12 potions of lignification


   Skills:
 + Level 20.8 Fighting
 + Level 15.3 Dodging
 - Level 20.0 Stealth
 * Level 23.8 Spellcasting
 - Level 3.0 Conjurations
 * Level 20.6 Ice Magic
 - Level 17.0 Air Magic


You had 33 spell levels left.
You knew the following spells:

 Your Spells              Type           Power      Damage    Failure   Level
a - Polar Vortex          Ice            48%        N/A       6%          9
b - Ozocubu's Refrigerat  Ice            48%        4d14      1%          7
c - Airstrike             Air            44%        N/A       0%          4
d - Conjure Ball Lightni  Conj/Air       36%        3x3d12    1%          6
f - Maxwell's Capacitive  Air            44%        ∞         1%          8

Your spell library contained the following spells:

 Spells                   Type           Power      Damage    Failure   Level
 Chain Lightning          Conj/Air       36%        3d48      98%         9
 Ignition                 Fire           16%        3d6       100%        8
 Freeze                   Ice            100%       1d11      0%          1
 Shock                    Conj/Air       100%       1d9       0%          1
 Frozen Ramparts          Ice            100%       1d12      0%          3
 Ozocubu's Armour         Ice            97%        N/A       0%          3
 Swiftness                Air            89%        N/A       0%          3
 Foxfire                  Conj/Fire      100%       2x1d9     1%          1
 Pain                     Necr           100%       1d9       1%          1
 Call Imp                 Summ           32%        N/A       1%          2
 Corpse Rot               Necr/Air       100%       N/A       1%          2
 Ensorcelled Hibernation  Hex/Ice        100%       N/A       1%          2
 Passwall                 Tmut/Erth      26%        N/A       1%          2
 Poisonous Vapours        Pois/Air       100%       N/A       1%          2
 Scorch                   Fire           64%        2d8       1%          2
 Static Discharge         Conj/Air       72%        N/A       1%          2
 Sublimation of Blood     Necr           32%        N/A       1%          2
 Wereblood                Tmut           32%        N/A       1%          2
 Conjure Flame            Conj/Fire      40%        6-21      1%          3
 Dazzling Flash           Conj/Hex       80%        N/A       1%          3
 Inner Flame              Hex/Fire       32%        N/A       1%          3
 Stone Arrow              Conj/Erth      80%        3d12      1%          3
 Flame Wave               Conj/Fire      40%        2d8       1%          4
 Fulminant Prism          Conj/Hex       20%        3d13      1%          4
 Hailstorm                Conj/Ice       77%        3d16      1%          4
 Ice Form                 Ice/Tmut       73%        N/A       1%          4
 Iskenderun's Mystic Bla  Conj/Tloc      40%        2d9       1%          4
 Summon Lightning Spire   Summ/Air       67%        N/A       1%          4
 Lightning Bolt           Conj/Air       36%        1d54      1%          5
 Silence                  Hex/Air        33%        N/A       1%          5
 Iskenderun's Battlesphe  Conj           48%        2d10      2%          5
 Simulacrum               Ice/Necr       36%        N/A       2%          6
 Gell's Gravitas          Tloc           32%        N/A       3%          3
 Lesser Beckoning         Tloc           32%        N/A       3%          3
 Summon Guardian Golem    Hex/Summ       32%        N/A       3%          3
 Teleport Other           Tloc           32%        N/A       3%          3
 Tukima's Dance           Hex            32%        N/A       3%          3
 Irradiate                Conj/Tmut      20%        3d20      4%          5
 Lee's Rapid Deconstruct  Erth           16%        3d11*     8%          5
 Yara's Violent Unravell  Hex/Tmut       16%        3d8       8%          5
 Animate Dead             Necr           16%        N/A       11%         4
 Cause Fear               Hex            16%        N/A       11%         4
 Passage of Golubria      Tloc           32%        N/A       11%         4
 Petrify                  Tmut/Erth      32%        N/A       11%         4
 Starburst                Conj/Fire      20%        6d7       22%         6
 Agony                    Necr           32%        N/A       28%         5
 Blade Hands              Tmut           16%        N/A       28%         5
 Borgnjor's Vile Clutch   Necr/Erth      16%        N/A       28%         5
 Summon Forest            Summ/Tloc      16%        N/A       28%         5
 Summon Mana Viper        Hex/Summ       32%        N/A       28%         5
 Eringya's Noxious Bog    Tmut/Pois      16%        N/A       36%         6
 Orb of Destruction       Conj           24%        9d10      52%         7
 Spellforged Servitor     Conj/Summ      20%        N/A       71%         7
 Death Channel            Necr           16%        N/A       85%         6
 Summon Cactus Giant      Summ           16%        N/A       85%         6
 Dragon Form              Tmut           16%        N/A       100%        7
 Summon Hydra             Summ           16%        N/A       100%        7
 Borgnjor's Revivificati  Necr           16%        N/A       100%        8
 Discord                  Hex            16%        N/A       100%        8
 Lehudib's Crystal Spear  Conj/Erth      20%        10d6      100%        8
 Necromutation            Tmut/Necr      16%        N/A       100%        8
 Death's Door             Necr           16%        N/A       100%        9
 Fire Storm               Conj/Fire      20%        8d5       100%        9
 Shatter                  Erth           16%        3d15*     100%        9
 Animate Armour           Summ/Erth      Unusable   N/A       N/A         4
 Excruciating Wounds      Necr           Unusable   N/A       N/A         5

Dungeon Overview and Level Annotations

Branches:
Dungeon (15/15)            Temple (1/1) D:7            Lair (6/6) D:11
 Shoals (4/4) Lair:3       Spider (4/4) Lair:4        Slime (5/5) Lair:6
    Orc (2/2) D:10            Elf (3/3) Orc:2        Vaults (4/5) D:14
  Crypt (0/3) Vaults:3     Depths (4/4) D:15            Zot (2/5) Depths:4

Altars:
Cheibriados
Dithmenos
Elyvilon
Fedhas
Gozag
Kikubaaqudgha
Makhleb
Okawaru
Qazlal
Ru
Sif Muna
Trog
Uskayaw
Vehumet
Wu Jian
Xom
Yredelemnul
Zin
The Shining One
Beogh
Jiyva

Shops:
D:2 !   D:12 [   D:15 [   Orc:1 *(   Orc:2 ?([[:=   Shoals:1 *   Shoals:2 (
Vaults:2 *(   Depths:2 !

Portals:
Hell: Depths:1 Depths:2 Depths:3 Depths:4
Abyss: Depths:2 Depths:3
Pandemonium: Depths:2 Depths:4
Ziggurat: Depths:3

Annotations:
D:13 2 runed translucent doors, Maiqeb's ghost, journeyman TeSu
Lair:1 exclusions: door and oklob plant
Lair:4 1 runed translucent door
Shoals:3 6 transporters
Elf:1 6 runed translucent doors
Elf:2 2 transporters, 3 runed translucent doors, Weuzust's ghost, adept HOFi


Innate Abilities, Weirdness & Mutations

You have sharp claws.
You have razor-sharp teeth.
You have supernaturally acute eyesight. (SInv)
You cover ground quickly. (Speed+)
Your thick and shaggy fur keeps you warm. (AC +3, rC+)
Your paws help you pounce on unaware monsters.
You are incapable of wielding weapons or throwing items.
You cannot wear armour.
You gain extra lives every three experience levels.


Message History

You feel very cold.
The death cob is frozen.
The death cob resists.
The death cob completely misses you. x2
The heat is drained from your surroundings.
You feel very cold.
The death cob is frozen.
The death cob resists.
The death cob misses you. The death cob completely misses you.
The death cob hits you!! The death cob drains your vigour!
You feel yourself slow down.
A storm dragon comes into view.
The death cob barely misses you. The death cob misses you.
The death cob barely misses you.
You are no longer corroded.
The death cob completely misses you. The death cob closely misses you.
The death cob completely misses you.
The storm dragon breathes lightning at you.
The bolt of lightning misses you. The death cob misses you.
Things that are here:
a +0 scimitar; a black draconian skeleton The death cob closely misses you.
The death cob completely misses you. The death cob closely misses you.
The storm dragon breathes lightning at you.
The bolt of lightning misses you. The death cob misses you.
The death cob hits you!! The death cob drains your vigour!
You feel as though you will be slow longer.
The death cob closely misses you. The death cob completely misses you.
The death cob completely misses you.
The curse toe calls on the powers of darkness!
Your body is wracked with pain!
* * * LOW HITPOINT WARNING * * *
The storm dragon convulses!
The death cob misses you. The death cob completely misses you.
The curse toe gestures.
The death cob hits you!
* * * LOW HITPOINT WARNING * * *
The curse toe gestures.
There is an open door, spattered with blood here.
As you read the scroll of teleportation, it crumbles to dust.
You feel strangely unstable.
You feel the Orb delaying your translocation!
The death cob hits you.
* * * LOW HITPOINT WARNING * * *
The death cob closely misses you. The death cob hits you.
* * * LOW HITPOINT WARNING * * *
The wandering mushroom misses you. x2
The deathcap draws from the surrounding life force!
* * * LOW HITPOINT WARNING * * *
The deathcap draws from the surrounding life force!
* * * LOW HITPOINT WARNING * * *
The deathcap draws from the surrounding life force!
You die...

* #.......#.......#......8.,,,# *
#.>.....#.......#.8......,,,#
*####.......#####...#...#'#######
....'...........#)[.#...#........
#####...........#.)[#...#........
* #...........#.).#...#.)...†.. *
#......)D...#.f)#####...##### **
#.........fz#f..........#....
,***#..........z@f.....)....#####
,,,*#......$...f#ff..[......# #
*,,*#.........f.######.####### #
,,,.......####### ####[####'####
,,,.......* #...[.........
,,,,#.....* #...)).......)
,,,,,#..#,* #.............
,*,,,,,*,,* #.....[.......
,,,,*,,,,,* #....)....[...


You could see a storm dragon, a curse toe, a death cob, 5 deathcaps and 3
wandering mushrooms.

Vanquished Creatures
  the Royal Jelly (Slime:5)
  Tiamat (Zot:1)
  Mennas (Vaults:2)
  2 juggernauts
  Sojobo (Vaults:3)
  7 golden dragons
  Xtahua (Depths:4)
  3 caustic shrikes (Depths:2)
  Nikola (Shoals:2)
  the Enchantress (Depths:2)
  Arachne (Spider:3)
  Rupert (D:14)
  Mlioglotl (Spider:3)
  5 tentacled monstrosities
  A deep elf blademaster (Elf:3)
  5 titans
  2 walking earthen tomes (Depths:3)
  2 deep elf master archers (Elf:3)
  3 quicksilver dragons
  4 liches
  A walking frostbound tome (Depths:3)
  Polyphemus (Shoals:2)
  4 sphinxes
  7 tengu reavers
  23 acid blobs
  3 death cobs (Zot:1)
  17 azure jellies
  24 rockslimes
  5 shadow dragons
  Ilsuiw (Shoals:2)
  4 storm dragons
  Donald (Vaults:4)
  A draconian monk (Zot:1)
  6 fire giants
  2 iron dragons
  6 frost giants
  9 deep elf sorcerers
  8 vault wardens
  A draconian scorcher (Depths:4)
  2 draconian knights (Zot:1)
  Louise (Shoals:2)
  5 ghost moths
  8 emperor scorpions (Spider:4)
  5 orc warlords
  A deep elf elementalist (Elf:3)
  A balrug (Depths:2)
  A draconian shifter (Zot:1)
  15 ironbound preservers
  A war gargoyle (Vaults:3)
  15 quicksilver oozes
  12 very ugly things
  2 draconian annihilators (Zot:1)
  5 green draconians
  5 spriggan defenders
  11 stone giants
  Nessos (Lair:5)
  A vampire knight (Depths:2)
  7 purple draconians
  7 black draconians (Zot:1)
  11 deep elf annihilators (Elf:3)
  5 deep elf demonologists
  4 yellow draconians
  15 dire elephants
  12 spark wasps
  2 entropy weavers
  6 red draconians
  9 ettins
  8 merfolk javelineers
  2 jiangshi (Depths:1)
  10 merfolk impalers (Shoals:4)
  A deep elf death mage (Elf:3)
  7 deep elf high priests
  7 fire dragons
  Josephine (D:14)
  3 yaktaur captains
  7 hydras
  10 ice dragons
  9 great orbs of eyes
  Harold (Orc:1)
  6 ironbound thunderhulks
  2 vault guards (Vaults:3)
  2 ogre magi (D:15)
  A peacekeeper (Vaults:4)
  2 spriggan air magi
  5 ironbound frosthearts
  5 boulder beetles
  12 centaur warriors
  3 alligator snapping turtles
  3 catoblepae
  A death knight (D:14)
  A satyr (Shoals:3)
  7 dancing weapons
  10 two-headed ogres
  4 merfolk avatars
  5 tengu warriors
  5 merfolk aquamancers
  2 deep troll shamans
  A hell hog (Depths:1)
  2 vampire magi
  3 death yaks (Shoals:2)
  11 deep troll earth magi
  5 spriggan berserkers
  4 orc high priests
  7 hell knights
  Sonja (Orc:2)
  17 deep elf knights
  7 soul eaters
  Urug (D:14)
  11 sea snakes
  A spark wasp zombie (Depths:1)
  A goliath frog (Lair:6)
  8 iron trolls
  5 skeletal warriors (D:13)
  60 deep trolls
  2 glowing orange brains
  15 ironbound convokers
  4 flayed ghosts
  A phantasmal warrior (Vaults:3)
  12 wizards
  5 lindwurms (Vaults:2)
  4 necromancers
  41 deep elf pyromancers
  16 orc knights
  20 deep elf archers
  16 orb spiders
  35 harpies
  A shining eye (Slime:5)
  29 wolf spiders
  17 deep elf zephyrmancers
  6 cyclopes
  3 manticores
  6 orc sorcerers
  10 moths of wrath
  45 ugly things
  12 fauns
  15 elephants
  Joseph (D:8)
  12 merfolk sirens
  20 vault sentinels
  A fire giant skeleton (Depths:1)
  A rust devil (D:13)
  Maurice (D:8)
  3 torpor snails
  2 black mambas
  8 water nymphs
  Maggie (D:7)
  2 gargoyles (D:12)
  Psyche (D:8)
  An unseen horror (D:11)
  2 eyes of devastation (Slime:5)
  19 cane toads
  4 smoke demons (Depths:1)
  A spark wasp simulacrum (Depths:1)
  A kobold demonologist (D:7)
  3 rime drakes
  16 demonic crawlers
  A rime drake (shapeshifter) (D:14)
  23 yaktaurs
  A tengu conjurer (Depths:4)
  7 komodo dragons
  A red devil (Depths:2)
  A queen bee (D:9)
  3 polar bears
  37 merfolk
  5 trolls
  3 tyrant leeches (Lair:6)
  6 meliai
  A polar bear (shapeshifter) (D:13)
  24 jumping spiders
  9 hornets
  100 slime creatures
  10 wind drakes
  10 snapping turtles
  17 blink frogs
  34 dream sheep
  3 centaur simulacra (D:15)
  5 large abominations (Elf:3)
  7 air elementals
  5 spriggans
  3 shadows
  24 water elementals
  62 redbacks
  33 tarantellas
  7 wyverns
  84 yaks
  2 basilisks
  8 wraiths
  2 fire elementals
  16 humans (D:14)
  A steam dragon (D:8)
  2 neqoxecs (Depths:2)
  8 vampire mosquitoes
  3 acid dragons
  Edmund (D:4)
  2 wargs (Orc:1)
  6 hell hounds (D:13)
  14 water moccasins
  A floating eye (Depths:3)
  A floating eye (shapeshifter) (Elf:1)
  29 orc warriors
  A sky beast (D:8)
  3 black bears (D:11)
  An ice beast (D:6)
  An ettin simulacrum (Depths:1)
  26 wolves
  12 ogres
  3 boggarts (Vaults:2)
  15 centaurs
  2 phantoms (D:10)
  7 small abominations (Elf:3)
  3 kobold brigands
  16 bullfrogs
  2 earth elementals
  A gnoll sergeant (D:12)
  6 scorpions
  A water moccasin zombie (D:7)
  A wyvern skeleton (D:7)
  3 troll zombies (D:10)
  2 water moccasin skeletons (D:5)
  39 killer bees
  2 howler monkeys
  4 electric eels
  A bullfrog zombie (D:5)
  8 centaur zombies
  2 gnoll shamans
  3 hounds
  30 orc priests
  2 centaur skeletons
  3 iguanas
  23 orc wizards
  A polar bear simulacrum (D:14)
  5 yak simulacra (D:14)
  A wolf simulacrum (D:14)
  5 ogre zombies (D:10)
  2 hound skeletons
  2 howler monkey zombies (D:10)
  5 adders
  13 gnolls
  A white imp (D:6)
  An ufetubus (D:7)
  8 worms
  70 orcs
  7 endoplasms
  A giant cockroach (Lair:4)
  9 goblins
  3 hobgoblins
  3 quokkas
  4 ball pythons
  6 bats
  5 frilled lizards
  4 goblin zombies (D:10)
  5 hobgoblin zombies (D:10)
  18 kobolds
  4 orc skeletons (D:10)
  12 orc zombies (D:10)
  2 rats
  4 river rat simulacra (D:14)
2086 creatures vanquished.

Vanquished Creatures (others)
  A bush (Lair:1)
  80 fungi
  327 plants
408 creatures vanquished.

Grand Total: 2494 creatures vanquished

Notes
Turn   | Place    | Note
-------+----------+-------------------------------------------
     0 | D:1      | vurker the Felid Air Elementalist began the quest for the
                  | Orb.
     0 | D:1      | Reached XP level 1. HP: 7/7 MP: 4/4
    26 | D:1      | Found a faded altar of an unknown god.
   221 | D:1      | Reached skill level 1 in Conjurations
   418 | D:1      | Reached XP level 2. HP: 12/12 MP: 1/6
  1130 | D:2      | Reached XP level 3. HP: 15/15 MP: 4/7
  1329 | D:2      | Reached skill level 1 in Fighting
  1438 | D:2      | Found a bloodstained altar of Trog.
  2083 | D:2      | Reached XP level 4. HP: 19/19 MP: 4/9
  2137 | D:2      | Found Ymiceat's Distillery.
  2142 | D:2      | Bought a potion of curing for 39 gold pieces
  2408 | D:2      | Learned a level 4 spell: Airstrike
  2613 | D:3      | Found a shadowy altar of Dithmenos.
  2682 | D:3      | Reached skill level 3 in Spellcasting
  3358 | D:3      | Reached XP level 5. HP: 22/22 MP: 7/10
  3422 | D:3      | Found a shimmering blue altar of Sif Muna.
  3424 | D:3      | Found a shimmering altar of Xom.
  3442 | D:3      | Found an iron altar of Okawaru.
  3442 | D:3      | Found a stormy altar of Qazlal.
  3559 | D:4      | Noticed Edmund
  4680 | D:4      | Found a sacrificial altar of Ru.
  4813 | D:4      | Killed Edmund
  4814 | D:4      | Reached skill level 4 in Spellcasting
  4814 | D:4      | Gained mutation: You are covered in thick fur. (AC +2)
                  | [Felid growth]
  4814 | D:4      | Reached XP level 6. HP: 15/26 MP: 7/13
  5167 | D:5      | Entered Level 5 of the Dungeon
  5744 | D:5      | Reached XP level 7. HP: 30/30 MP: 8/14
  5980 | D:5      | Found a glowing silver altar of Zin.
  6029 | D:5      | Found an opulent altar of Gozag.
  6267 | D:5      | Reached skill level 5 in Air Magic
  6643 | D:5      | Learned a level 7 spell: Ozocubu's Refrigeration
  6654 | D:6      | Reached skill level 5 in Spellcasting
  7032 | D:6      | Noticed a wraith
  7077 | D:6      | Killed a wraith
  7078 | D:6      | Reached XP level 8. HP: 35/35 MP: 3/17
  7305 | D:6      | Noticed a cyclops
  7897 | D:6      | Reached skill level 6 in Spellcasting
  8639 | D:7      | Noticed a cyclops
  8776 | D:7      | Noticed a kobold demonologist
  8921 | D:7      | Found a staircase to the Ecumenical Temple.
  8991 | Temple   | Entered the Ecumenical Temple
  9103 | Temple   | Became a worshipper of Vehumet
  9669 | D:7      | Killed a cyclops
  9670 | D:7      | Reached skill level 5 in Fighting
  9670 | D:7      | Reached skill level 7 in Spellcasting
  9670 | D:7      | Reached XP level 9. HP: 40/40 MP: 3/20
  9782 | D:7      | Reached skill level 1 in Ice Magic
 10389 | D:7      | Noticed Maggie
 10696 | D:7      | Found a staircase to the Ecumenical Temple.
 10863 | D:7      | Noticed an orange demon
 10865 | D:7      | Killed a kobold demonologist
 11352 | D:8      | Reached * piety under Vehumet
 11352 | D:8      | Offered knowledge of Magic Dart by Vehumet.
 11852 | D:8      | Reached skill level 8 in Spellcasting
 12251 | D:8      | Noticed Joseph
 12902 | D:8      | Noticed Psyche
 12910 | D:8      | Killed Psyche
 12911 | D:8      | Reached XP level 10. HP: 32/45 MP: 5/23
 13206 | D:8      | Noticed Maurice
 13436 | D:8      | Killed Maurice
 14572 | D:9      | Found a burning altar of Makhleb.
 14574 | D:9      | Noticed a blizzard demon
 14982 | D:9      | Reached skill level 5 in Ice Magic
 15211 | D:9      | Reached skill level 9 in Spellcasting
 15574 | D:9      | Offered knowledge of Searing Ray by Vehumet.
 15575 | D:9      | Reached ** piety under Vehumet
 16626 | D:9      | HP: 2/46 [killer bee (6)]
 16627 | D:9      | Slain by a killer bee
 16628 | D:9      | Reached XP level 9. HP: -3/42 MP: 1/23
 16746 | D:10     | Entered Level 10 of the Dungeon
 17026 | D:10     | Reached XP level 10. HP: 42/46 MP: 21/24
 17625 | D:10     | Offered knowledge of Stone Arrow by Vehumet.
 18066 | D:10     | Noticed a two-headed ogre
 18084 | D:10     | Killed a two-headed ogre
 18237 | D:10     | Reached *** piety under Vehumet
 18308 | D:10     | Reached skill level 10 in Spellcasting
 18365 | D:10     | Noticed a two-headed ogre
 19134 | D:10     | Identified the ring of the Hidden Queens {rC+ Str+4 Dex+4
                  | Slay+3}
 19301 | D:10     | Offered knowledge of Ignite Poison by Vehumet.
 19631 | D:10     | Noticed a two-headed ogre
 19644 | D:10     | Noticed a six-headed hydra
 20157 | D:10     | Reached XP level 11. HP: 50/50 MP: 12/26
 20265 | D:10     | Reached **** piety under Vehumet
 20477 | D:10     | Found a staircase to the Orcish Mines.
 20612 | D:10     | Offered knowledge of Frozen Ramparts by Vehumet.
 20737 | D:10     | Killed a two-headed ogre
 20776 | D:10     | Killed a two-headed ogre
 20917 | D:10     | Killed a six-headed hydra
 21367 | D:11     | Reached skill level 11 in Spellcasting
 22078 | D:11     | Noticed a white ugly thing
 22116 | D:11     | Killed a white ugly thing
 22452 | D:11     | Found a staircase to the Lair.
 23408 | D:11     | Found a staircase to the Lair.
 23997 | D:7      | Killed Maggie
 24424 | D:8      | Killed Joseph
 24856 | Lair:1   | Entered Level 1 of the Lair of Beasts
 25475 | D:11     | Gained mutation: Your thick and shaggy fur keeps you warm.
                  | (AC +3, rC+) [Felid growth]
 25475 | D:11     | Reached XP level 12. HP: 47/56 MP: 14/28
 26291 | D:11     | Reached ***** piety under Vehumet
 26639 | Lair:1   | Noticed a seven-headed hydra
 26648 | Lair:1   | Killed a seven-headed hydra
 26648 | Lair:1   | Offered knowledge of Freezing Cloud by Vehumet.
 27015 | Lair:1   | Identified the +10 rapier of the Endless Expanse {vorpal,
                  | rC- Will+ Dex+5}
 27049 | Lair:1   | Reached skill level 12 in Spellcasting
 28059 | Lair:2   | Reached skill level 10 in Ice Magic
 29411 | Lair:2   | Noticed a six-headed hydra
 29416 | Lair:2   | Killed a six-headed hydra
 31482 | Lair:3   | Noticed a six-headed hydra
 31500 | Lair:3   | Killed a six-headed hydra
 31501 | Lair:3   | Reached XP level 13. HP: 61/61 MP: 9/30
 31681 | Lair:3   | Reached skill level 13 in Spellcasting
 32681 | Lair:3   | Reached skill level 10 in Fighting
 32719 | Lair:3   | Found a staircase to the Shoals.
 34235 | Lair:4   | Found a runed translucent door.
 34255 | Lair:4   | Found a hole to the Spider Nest.
 36899 | Lair:5   | Noticed Nessos
 36902 | Lair:5   | Shot with an arrow by Nessos
 36903 | Lair:5   | Reached XP level 12. HP: -3/58 MP: 19/30
 36905 | Lair:5   | Killed Nessos
 37432 | Lair:5   | Noticed a boulder beetle
 37441 | Lair:5   | Killed a boulder beetle
 38134 | Lair:6   | Entered Level 6 of the Lair of Beasts
 38136 | Lair:6   | Reached skill level 14 in Spellcasting
 38140 | Lair:6   | Reached XP level 13. HP: 62/62 MP: 28/32
 39898 | Lair:6   | Offered knowledge of Eringya's Noxious Bog by Vehumet.
 41560 | Lair:6   | Found a viscous altar of Jiyva.
 41560 | Lair:6   | Found a staircase to the Slime Pits.
 41565 | Lair:6   | Reached skill level 15 in Spellcasting
 41938 | Orc:1    | Entered Level 1 of the Orcish Mines
 42067 | Orc:1    | Found Vur Pusch's Antique Weapon Boutique.
 42074 | Orc:1    | Noticed Harold
 42162 | Orc:1    | Killed Harold
 42276 | Orc:1    | Reached XP level 14. HP: 67/67 MP: 25/34
 42402 | Orc:1    | Found Xaahub's CLEARANCE SALE!.
 42633 | Orc:2    | Entered Level 2 of the Orcish Mines
 42633 | Orc:2    | Found Nyheesuh's Armour Shoppe.
 42952 | Orc:2    | Offered knowledge of Conjure Ball Lightning by Vehumet.
 42965 | Orc:1    | Learned a level 6 spell: Conjure Ball Lightning
 43388 | Orc:2    | Noticed an orc warlord
 43410 | Orc:1    | Killed an orc warlord
 44564 | Orc:2    | Found a staircase to the Elven Halls.
 44749 | Orc:2    | Found Ikitousm's Magic Scroll Emporium.
 44862 | Orc:2    | Found Pavye's Jewellery Shop.
 45150 | Orc:2    | Noticed Sonja
 45153 | Orc:2    | Killed Sonja
 45736 | Orc:2    | Found Ekigesi's General Store.
 45737 | Orc:2    | Found Siffott's Book Boutique.
 45739 | Orc:2    | Found Boseata's Antique Armour Boutique.
 45739 | Orc:2    | Found Coppuhus's Antique Weapon Shop.
 46719 | D:12     | Found Qyrifats's Armour Shoppe.
 47748 | D:13     | Found a runed translucent door.
 47748 | D:13     | Found a shimmering altar of Xom.
 47748 | D:13     | Noticed Maiqeb's ghost (journeyman TeSu)
 48188 | D:13     | Reached skill level 5 in Dodging
 48656 | D:13     | Learned a level 8 spell: Maxwell's Capacitive Coupling
 49030 | D:13     | Reached ****** piety under Vehumet
 49185 | D:13     | Offered knowledge of Orb of Destruction by Vehumet.
 49300 | D:13     | Found a runed translucent door.
 50164 | Orc:2    | Bought the ring of the Hare {EV+8} for 1536 gold pieces
 50164 | Orc:2    | Found the ring of the Hare {EV+8}
 50164 | Orc:2    | Bought a ring of poison resistance for 240 gold pieces
 50701 | D:14     | Noticed Urug
 50701 | D:14     | Noticed Rupert
 50701 | D:14     | Found a gate to the Vaults.
 50704 | D:14     | Reached XP level 15. HP: 59/72 MP: 35/35
 50967 | D:14     | Reached skill level 16 in Spellcasting
 51039 | D:14     | Noticed Josephine
 51042 | D:14     | Killed Josephine
 51197 | D:14     | Found a glowing golden altar of the Shining One.
 51468 | D:14     | Killed Rupert
 51626 | D:14     | Found a white marble altar of Elyvilon.
 51628 | D:14     | Found a glowing silver altar of Zin.
 51803 | D:14     | Killed Urug
 52330 | D:14     | Reached skill level 10 in Air Magic
 52667 | D:15     | Entered Level 15 of the Dungeon
 52796 | D:15     | Found a staircase to the Depths.
 53053 | D:15     | Offered knowledge of Yara's Violent Unravelling by Vehumet.
 53288 | D:15     | Found Xesah's Antique Armour Boutique.
 54812 | D:15     | Found a blossoming altar of Fedhas.
 55139 | Spider:1 | Entered Level 1 of the Spider Nest
 55509 | Spider:1 | Noticed a ghost moth
 56126 | Spider:1 | Killed a ghost moth
 57469 | Spider:2 | Noticed a ghost moth
 57719 | Shoals:1 | Entered Level 1 of the Shoals
 57848 | Shoals:1 | Reached XP level 16. HP: 77/77 MP: 25/37
 57966 | Shoals:1 | Offered knowledge of Spellforged Servitor by Vehumet.
 58140 | Shoals:1 | Found Reseor's Overcharged Wands.
 58899 | Shoals:1 | Reached skill level 17 in Spellcasting
 59582 | Shoals:1 | Reached skill level 15 in Ice Magic
 60296 | Shoals:2 | Noticed Polyphemus
 60585 | Shoals:2 | Killed Polyphemus
 60750 | Shoals:2 | Noticed Nikola
 60754 | Shoals:2 | Killed Nikola
 61014 | Shoals:2 | Found Reydduba's Weapon Shoppe.
 61156 | Shoals:2 | Noticed Louise
 61161 | Shoals:2 | Killed Louise
 61166 | Shoals:2 | Noticed Ilsuiw
 61172 | Shoals:2 | Killed Ilsuiw
 61566 | Shoals:3 | Found a transporter.
 61575 | Shoals:3 | Found a transporter.
 62085 | Shoals:3 | Found a transporter.
 62278 | Shoals:3 | Offered knowledge of Iron Shot by Vehumet.
 62314 | Shoals:3 | Found a transporter.
 62316 | Shoals:3 | Found a transporter.
 62331 | Shoals:3 | Found a transporter.
 62753 | Shoals:3 | Reached skill level 10 in Dodging
 63701 | Shoals:4 | Entered Level 4 of the Shoals
 63722 | Shoals:4 | Paralysed by an air elemental for 1 turns
 63724 | Shoals:4 | Reached XP level 17. HP: 8/82 MP: 19/39
 64645 | Shoals:4 | Paralysed by an air elemental for 1 turns
 65599 | Shoals:4 | HP: 1/82 [merfolk javelineer/javelin (14)]
 66212 | Shoals:4 | Reached skill level 18 in Spellcasting
 66376 | Shoals:4 | Paralysed by an air elemental for 1 turns
 68764 | Shoals:4 | Identified the +0 ring mail of Hide-and-Seek {rC++ Will+
                  | rCorr}
 69107 | Shoals:4 | Identified the +6 rapier "Impslayer" {freeze, rElec Str+2}
 69362 | Shoals:4 | Noticed a titan
 69372 | Shoals:4 | Killed a titan
 69684 | Shoals:4 | Got a barnacled rune of Zot
 69696 | Shoals:4 | Offered knowledge of Chain Lightning by Vehumet.
 69696 | Shoals:4 | Offered knowledge of Polar Vortex by Vehumet.
 69696 | Shoals:4 | Offered knowledge of Ignition by Vehumet.
 69973 | Shoals:4 | Learned a level 9 spell: Polar Vortex
 71966 | Spider:2 | You fall into a shaft and drop 1 floor!
 72837 | Spider:3 | Noticed Arachne
 72847 | Spider:3 | Killed Arachne
 73028 | Spider:3 | Noticed Mlioglotl
 73032 | Spider:3 | Killed Mlioglotl
 73520 | Spider:3 | Reached XP level 18. HP: 88/88 MP: 13/41
 73740 | Spider:3 | Identified the +3 leather armour of Dyspraxia {Will+}
 73954 | Spider:4 | Entered Level 4 of the Spider Nest
 75577 | Spider:4 | Reached skill level 19 in Spellcasting
 78510 | Spider:4 | Reached skill level 15 in Fighting
 78686 | Spider:4 | Got a gossamer rune of Zot
 79082 | Elf:1    | Entered Level 1 of the Elven Halls
 79698 | Elf:1    | Reached skill level 15 in Air Magic
 80910 | Elf:1    | Got the Tome of Calling
 81046 | Elf:1    | Found a runed translucent gate.
 81046 | Elf:1    | Found a runed translucent gate.
 81046 | Elf:1    | Found a runed translucent gate.
 81046 | Elf:1    | Found a runed translucent gate.
 81046 | Elf:1    | Found a runed translucent gate.
 81047 | Elf:1    | Found a runed translucent gate.
 81301 | Elf:2    | Found a transporter.
 81301 | Elf:2    | Noticed Weuzust's ghost (adept HOFi)
 81984 | Elf:2    | Found a transporter.
 82171 | Elf:2    | Found a runed translucent gate.
 82171 | Elf:2    | Found a runed translucent gate.
 82172 | Elf:2    | Found a runed translucent gate.
 82478 | Elf:3    | Entered Level 3 of the Elven Halls
 83158 | Elf:3    | Reached XP level 19. HP: 93/93 MP: 36/43
 84172 | Elf:3    | Reached skill level 20 in Spellcasting
 84632 | Elf:3    | Identified the +7 great sword of Radicalism {flame, Will-
                  | Int+2 Dex+5}
 84778 | Elf:3    | Identified the amulet "Qaqaacih" {Regen+ Int+3 Dex+5}
 85239 | Elf:3    | Identified the +2 robe "Valot" {Str+6}
 85319 | Elf:3    | Identified the +9 long sword "Impbane" {vorpal, rN+ Int+5}
 85559 | Elf:3    | Identified the +4 short sword of Qoacw {venom, Fragile
                  | rElec rPois Str+5}
 85943 | Elf:3    | Identified the +7 long sword "Eblacw" {pain, rF+ rN+ Will+}
 86809 | Elf:3    | Got the Collected Works on Transmutation
 87166 | Vaults:1 | Entered Level 1 of the Vaults
 87438 | Vaults:1 | Reached skill level 5 in Stealth
 89017 | Vaults:1 | Reached XP level 20. HP: 99/99 MP: 34/45
 90449 | Vaults:2 | Found Keucuskom's Weapon Shop.
 90561 | Vaults:2 | Noticed Mennas
 90565 | Vaults:2 | HP: 1/99 [Mennas (17)]
 90566 | Vaults:2 | Killed Mennas
 91094 | Vaults:2 | Killed from afar by a lindwurm
 91095 | Vaults:2 | Reached XP level 19. HP: -8/95 MP: 12/53
 91727 | Vaults:2 | Found Nomiutwuhu's Assorted Antiques.
 91731 | Vaults:2 | Bought a scroll of teleportation for 75 gold pieces
 91731 | Vaults:2 | Bought a potion of haste for 250 gold pieces
 92046 | Vaults:2 | Reached skill level 21 in Spellcasting
 92217 | Vaults:2 | Reached skill level 10 in Stealth
 93310 | Vaults:3 | Slain by a vault warden
 93311 | Vaults:3 | Reached XP level 18. HP: -2/92 MP: 39/53
 93362 | Vaults:3 | Noticed Sojobo
 93368 | Vaults:3 | Killed Sojobo
 93903 | Vaults:3 | Reached XP level 19. HP: 96/96 MP: 37/45
 94426 | Vaults:3 | Found a staircase to the Crypt.
 94426 | Vaults:3 | Found a basalt altar of Yredelemnul.
 94427 | Vaults:3 | Found an ancient bone altar of Kikubaaqudgha.
 95283 | Vaults:4 | Noticed Donald
 95289 | Vaults:4 | Killed Donald
 97441 | Depths:1 | Entered Level 1 of the Depths
 99620 | Depths:1 | Reached XP level 20. HP: 88/102 MP: 20/46
 99726 | Depths:1 | Found a gateway to Hell.
100783 | Depths:2 | Noticed the Enchantress
100790 | Depths:2 | Killed the Enchantress
101050 | Depths:2 | Found a one-way gate to the infinite horrors of the Abyss.
101099 | Depths:2 | Noticed a caustic shrike
101100 | Depths:2 | Noticed a caustic shrike
101110 | Depths:2 | Noticed a caustic shrike
101866 | Depths:2 | Killed a caustic shrike
101874 | Depths:2 | Killed a caustic shrike
101875 | Depths:2 | Reached skill level 22 in Spellcasting
102301 | Depths:2 | Killed a caustic shrike
102711 | Depths:2 | Found a one-way gate leading to the halls of Pandemonium.
102895 | Depths:2 | Found Xuotudum's Distillery.
103478 | Depths:2 | Noticed a juggernaut
103482 | Depths:2 | Reached skill level 15 in Stealth
103921 | Depths:2 | Killed a juggernaut
103959 | Depths:2 | Identified the +12 hand axe of Weet {speed, Will+ Int+3
                  | SInv}
104785 | Depths:2 | Identified the ring "Foedwuot" {rF+ Will- Str-4 Dex+10
                  | Slay+6}
105133 | Depths:3 | Noticed a golden dragon
105159 | Depths:3 | Killed a golden dragon
105372 | Depths:3 | Noticed a golden dragon
105376 | Depths:3 | Killed a golden dragon
105804 | Depths:3 | Found a gateway to a ziggurat.
106421 | Depths:3 | Noticed a juggernaut
106426 | Depths:3 | Killed a juggernaut
106761 | Depths:3 | Identified the ring of Ticew {Fly rPois Str+6 Stlth+}
106766 | Depths:3 | Reached XP level 21. HP: 24/108 MP: 41/48
107524 | Depths:3 | Noticed a golden dragon
107530 | Depths:3 | Killed a golden dragon
108523 | Depths:3 | Got the Disquisition on Slavery
109102 | Depths:4 | Entered Level 4 of the Depths
109497 | Depths:4 | Slain by a tengu reaver
109498 | Depths:4 | Reached XP level 20. HP: -1/88 MP: 27/56
109516 | Depths:3 | Upgraded the game from 0.28-a0-957-g42eb19b844 to
                  | 0.28-a0-973-ga7f8b01127
109656 | Depths:4 | Noticed a golden dragon
109669 | Depths:4 | Killed a golden dragon
109949 | Depths:4 | Noticed Xtahua
110378 | Depths:4 | Found a runed translucent door.
110839 | Depths:4 | Reached skill level 15 in Dodging
111286 | Depths:4 | Killed Xtahua
111443 | Depths:4 | Noticed a golden dragon
111448 | Depths:4 | Killed a golden dragon
111782 | Depths:4 | Reached skill level 23 in Spellcasting
111872 | Depths:4 | Found a gate to the Realm of Zot.
112147 | Depths:4 | Found a stormy altar of Qazlal.
112858 | Slime:1  | Entered Level 1 of the Pits of Slime
113011 | Slime:2  | HP: 1/105 [azure jelly (5)]
113013 | Slime:2  | Reached XP level 21. HP: 1/109 MP: 49/49
113490 | Slime:5  | Entered Level 5 of the Pits of Slime
113712 | Slime:5  | Noticed the Royal Jelly
113803 | Slime:4  | HP: 5/109 [azure jelly (20)]
114948 | Slime:5  | Found a viscous altar of Jiyva.
115333 | Slime:5  | Killed the Royal Jelly
115976 | Slime:5  | Got a slimy rune of Zot
116016 | Slime:5  | Got the Guide on Attacks
116022 | Slime:5  | Identified the +11 scale mail of the Hippo {Str+5}
116050 | Slime:5  | Identified the +1 robe "Huke" {Contam rElec Dex+4 Archmagi}
116662 | Zot:1    | Entered Level 1 of the Realm of Zot
116662 | Zot:1    | Noticed a golden dragon
116666 | Zot:1    | Killed a golden dragon
116976 | Zot:1    | Noticed a golden dragon
117331 | Zot:1    | Killed a golden dragon
118719 | Zot:1    | Found the +4 dragonskin cloak
118719 | Zot:1    | Noticed Tiamat
118724 | Zot:1    | Killed Tiamat
119590 | Zot:1    | Noticed a curse toe
119884 | Zot:2    | Identified a scroll of acquirement
120175 | Orc:2    | Bought a scroll of teleportation for 33 gold pieces
120175 | Orc:2    | Bought a scroll of teleportation for 33 gold pieces
120175 | Orc:2    | Bought a scroll of magic mapping for 38 gold pieces
120487 | Zot:2    | Noticed a Killer Klown
120508 | Zot:1    | Killed from afar by a deathcap

Illustrated notes

Levels and vault maps discovered:
D:1:      lightli_iron_boxes, layout_loops_cross,
          dreamdust_ecumenical_altar_statues
D:2:      layout_basic, serial_shops, shop, basic_altar
D:3:      layout_rooms, nicolae_dithmenos_the_darkroom,
          grunt_temple_overflow_open
D:4:      layout_rooms, nicolae_ru_path_of_blood, uniq_edmund
D:5:      nicolae_cairo_tiling_large, layout_basic,
          pdpol_temple_overflow_zin_treasury_gozag_greed
D:6:      layout_basic
D:7:      kennysheep_big_flooded_room, layout_loops_ring,
          minmay_temple_entry_glass, minivault_22, minmay_unpleasant_kobolds,
          uniq_maggie
D:8:      layout_loops_cross, uniq_maurice, uniq_joseph, uniq_psyche
D:9:      layout_roguey [special_room_bee], makhleb_altar_promises_db
D:10:     minmay_bubble_buster, layout_rooms, zombieorc2_lemuel
D:11:     layout_roguey, minmay_lair_entry_grove, serial_curves, eino_curves_03,
          eino_curves_02
D:12:     layout_loops_corners, serial_shops, shop
D:13:     mludivico_vault, layout_rooms, ebering_ghost_xom
D:14:     layout_cave_pools, david_vaults_3, good_gods_mini_temple,
          eino_house_with_fridge, uniq_josephine
D:15:     grunt_enter_depths_giant_problem, layout_basic, fedhas_altar_2,
          portal_ice_cave_entry_pillars_2, serial_shops, shop
Temple:   nicolae_temple_figure_eight
Lair:1:   dpeg_oklob_gauntlet, layout_small_grid, serial_bayou_shore_b,
          serial_bayou_shore_a
Lair:2:   layout_long_grid, enter_volcano_1, grunt_megastairs_3
Lair:3:   layout_gridlike, minmay_shoals_entry_lonely_mermaid, special_room
Lair:4:   layout_long_grid, nicolae_spider_entry_non_spiders, pf_torpor_hydra,
          infiniplex_staircase_pool
Lair:5:   layout_roguey, dreamdust_deal_with_the_devil, grunt_megastairs_4,
          uniq_nessos
Lair:6:   minmay_lair_end_frog_pond, layout_loops_ring,
          dpeg_slime_entry_enclosed_altar
Shoals:1: layout_shoals, nicolae_shop_overcharged_wands
Shoals:2: layout_shoals, serial_shops, shop, uniq_ilsuiw, uniq_polyphemus,
          uniq_nikola, uniq_louise
Shoals:3: layout_shoals, serial_nicolae_subway, nicolae_sub_station_crystal,
          nicolae_sub_station_stone, nicolae_sub_station_metal
Shoals:4: shoals_end_hellmonk_storm_palace [storm_palace_center_ruins,
          storm_palace_corner_pillars, storm_palace_corner_blocked,
          storm_palace_corner_grid, storm_palace_corner_grid]
Spider:1: layout_spider_delve
Spider:2: layout_spider_delve, nicolae_spider_not_touching_you
Spider:3: nicolae_spider_mines_2, uniq_mlioglotl, uniq_arachne
Spider:4: grunt_spider_rune_circles
Slime:1:  layout_caves
Slime:2:  layout_caves
Slime:3:  layout_caves, nicolae_slime_ancient_tower_intersection
Slime:4:  layout_caves, nicolae_slime_barrier
Slime:5
Orc:1:    layout_caves, serial_shops, shop, nicolae_shop_clearance, uniq_harold
Orc:2:    st_orc_congregation, layout_caves, basic_altar, serial_shops, shop,
          nicolae_shop_advertising_works [nicolae_subvault_shop_adworks], shop,
          uniq_sonja
Elf:1:    layout_geoelf_octagon, orc_legates, minmay_elf_demonology,
          roderic_lattice_octagonal_star
Elf:2:    elven_hall_of_blades_hangedman_original
          [nicolae_blade_entry_sentries_behind_glass], layout_geoelf_grid,
          gammafunk_ghost_arena
Elf:3:    minmay_elf_hall_furrowed, layout_geoelf_grid, minivault_11, laboratory
Vaults:1: v_misc_17, hangedman_vaults_capsules, vaults_dpeg_cross,
          vaults_room_fancy_cross, nicolae_vaults_windows_and_doors_thing,
          hangedman_vaults_unwind, nicolae_vaults_network_periphery, v_misc_13,
          grunt_vaults_twisty, nicolae_vaults_little_squares_1,
          vaults_room_hallway, layout_vaults_ring
Vaults:2: nicolae_vaults_what_the_h, vaults_room_fancy_cross,
          grunt_vaults_hallway_long, v_pattern_3, vaults_room_pool,
          vaults_mumra_minichess, vaults_room_grunt_arrival_ludios,
          layout_vaults_omnigrid, serial_shops, nicolae_shop_crystal,
          nicolae_shop_bloodbath_and_beyond, uniq_mennas
Vaults:3: vaults_dpeg_diagonal, nicolae_vaults_big_ls,
          minmay_crypt_entry_necro_gods, nicolae_vaults_triangles, v_misc_11,
          v_rooms_2, v_misc_32, nicolae_vaults_theta,
          nicolae_vaults_circle_grid_b, grunt_vaults_swirl, v_misc_16,
          nicolae_vaults_specimen_jars, layout_vaults_maze_snakey, uniq_sojobo
Vaults:4: ontoclasm_vaults_ring_small, v_misc_16, ontoclasm_vaults_chip,
          ontoclasm_vaults_tryst, nicolae_vaults_network_quinsquares
          [nicolae_vaults_network_quincunx_subvault,
          nicolae_vaults_network_quincunx_subvault,
          nicolae_vaults_network_quincunx_subvault,
          nicolae_vaults_network_quincunx_subvault], hangedman_vaults_stream,
          v_alt_pattern_2, v_misc_8, v_alt_pattern_6,
          nicolae_vaults_circle_grid_a, ontoclasm_vaults_eye,
          ontoclasm_vaults_twist, nicolae_vaults_gold_heap,
          layout_vaults_omnicross, uniq_donald
Depths:1: layout_honeycomb, hellmouth_3, kennysheep_generic_room_10,
          grunt_megastairs_2
Depths:2: minmay_the_grid_square_5x5_3x3 [minmay_the_grid_square_5x5_corner,
          minmay_the_grid_square_5x5_one_wall,
          minmay_the_grid_square_5x5_shrine1,
          minmay_the_grid_square_5x5_gyroscope,
          minmay_the_grid_square_5x5_megaprize_checkered,
          minmay_the_grid_square_5x5_plus, minmay_the_grid_square_5x5_inner_z,
          minmay_the_grid_square_5x5_intrusive_squares,
          minmay_the_grid_square_5x5_checkered], layout_gridlike, serial_shops,
          shop, hangedman_abyss_or_decor_slice, abyss_entry,
          rand_demon_pan_entry_4, grunt_hell_entry_dis_mu, uniq_enchantress
Depths:3: minmay_tile_spiral, layout_gridlike, enter_ziggurat_b,
          roderic_serpentine_path, hangedman_tar_grid_catacomb,
          hangedman_abyss_entry_splay
Depths:4: grunt_twist_and_shout, layout_twisted_cross,
          nicolae_qazlal_eye_of_the_storm, hell_entry, pan_entry,
          minmay_crystal_water, minmay_acid_items, uniq_xtahua
Zot:1:    kennysheep_blocky_room, layout_gridlike, hangedman_zot_wheel_spokes,
          uniq_tiamat
Zot:2:    layout_onion_interference

Skill      XL: |  1  2  3  4  5  6  7  8  9 10 11 12 13 14 15 16 17 18 19 20 21 |
---------------+----------------------------------------------------------------+-----
Conjurations   | 1 2 3 |  3.0
Air Magic      | 3 4 5 7 9 10 12 14 15 16 17 | 17.0
Fighting       | 1 2 3 5 7 8 9 11 12 13 14 15 18 20 | 20.8
Spellcasting   | 3 4 5 7 8 10 11 14 15 16 17 18 19 21 23 | 23.8
Ice Magic      | 6 7 9 12 13 14 15 18 20 | 20.6
Dodging        | 6 8 10 12 13 15 | 15.3
Stealth        | 11 13 18 20 | 20.0

Action                   |  1- 3 |  4- 6 |  7- 9 | 10-12 | 13-15 | 16-18 | 19-21 || total
-------------------------+-------+-------+-------+-------+-------+-------+-------++-------
Melee: Unarmed           |     4 |     4 |       |     5 |     1 |     1 |     1 ||    16
       Bite              |     1 |       |       |       |       |       |       ||     1
 Cast: Shock             |    88 |   133 |   145 |   113 |    54 |    26 |       ||   559
       Airstrike         |       |       |    92 |   615 |   681 |   194 |    51 ||  1633
       Ozocubu's Refrige |       |       |       |     3 |   218 |   630 |  1355 ||  2206
       Maxwell's Capacit |       |       |       |       |       |    23 |    85 ||   108
       Polar Vortex      |       |       |       |       |       |       |     3 ||     3
Evoke: Wand              |       |     4 |     5 |     6 |    23 |     4 |     9 ||    51
  Use: Scroll            |       |     7 |     8 |    10 |     8 |     3 |    22 ||    58
       Potion            |       |       |       |     6 |     4 |       |       ||    10
 Stab: Sleeping          |       |       |       |       |     1 |       |       ||     1
Armor: Skin              |     1 |     1 |     7 |    21 |     9 |     5 |    12 ||    56
Dodge: Dodged            |    13 |    26 |    69 |   355 |   249 |   365 |   575 ||  1652

Table legend: (Time is in decaauts)
 A = Elapsed time spent in this place.
 B = Non-inter-level travel time spent in this place.
 C = Inter-level travel time spent in this place.
 D = Time resting spent in this place.
 E = Time spent auto-exploring this place.
 F = Levels seen in this place.
 G = Mean time per level.
                   A        B        C        D        E       F      G
               +--------+--------+--------+--------+--------+-----+--------+
         Total | 112231 | 104075 |   8156 |  23106 |  68711 |  50 | 2244.6 |
       Dungeon |  32786 |  30632 |   2154 |   5876 |  21487 |  15 | 2185.7 |
        Temple |    102 |     93 |      9 |      0 |     84 |   1 |  102.0 |
          Lair |  16042 |  14544 |   1498 |   4242 |   8232 |   6 | 2673.7 |
        Shoals |  11783 |  11192 |    591 |   2671 |   7412 |   4 | 2945.8 |
   Spider Nest |  10593 |   9743 |    850 |   2965 |   5752 |   4 | 2648.2 |
    Slime Pits |   3268 |   3145 |    123 |   1041 |   1566 |   5 |  653.6 |
  Orcish Mines |   4114 |   3756 |    358 |   1625 |   1654 |   2 | 2057.0 |
   Elven Halls |   7009 |   6214 |    795 |     95 |   5437 |   3 | 2336.3 |
        Vaults |   9251 |   8510 |    741 |     20 |   7476 |   4 | 2312.8 |
        Depths |  15983 |  15033 |    950 |   4434 |   8890 |   4 | 3995.8 |
           Zot |   1294 |   1213 |     81 |    136 |    717 |   2 |  647.0 |
               +--------+--------+--------+--------+--------+-----+--------+

Top non-repeatable levels by time:
Depths:3: 4970 daAuts
Shoals:4: 4361 daAuts
     D:9: 4132 daAuts
    D:10: 4024 daAuts
   Elf:3: 3969 daAuts
Spider:4: 3938 daAuts
  Lair:5: 3772 daAuts
Depths:4: 3721 daAuts
Depths:2: 3678 daAuts
Depths:1: 3612 daAuts
     D:7: 3249 daAuts
    D:13: 3239 daAuts
Shoals:3: 3166 daAuts
Spider:1: 3070 daAuts
  Lair:1: 2856 daAuts
